 Dungeon Crawl Stone Soup version 0.23-a0-550-g7de1f8e (webtiles) character file.

182 zishaf the Insei (level 5, -6/28 HPs)
             Began as a Vine Stalker Transmuter on Dec 10, 2018.
             Killed by divine providence
             ... invoked by an orc priest
              (12 damage)
             ... on level 3 of the Dungeon.
             The game lasted 00:04:22 (2332 turns).

zishaf the Insei (Vine Stalker Transmuter)          Turns: 2332, Time: 00:04:23

Health: -6/28      AC:  5    Str: 13    XL:     5   Next: 62%
Magic:  0/9        EV: 10    Int: 13    God:
Gold:   63         SH:  3    Dex: 15    Spells: 5/8 levels left

rFire    . . .     SeeInvis .     - Unarmed
rCold    . . .     Gourm    .   f - +0 buckler
rNeg     . . .     Faith    .   k - +0 ring mail (curse)
rPois    .         Spirit   +   (no helmet)
rElec    .         Reflect  .   (no cloak)
rCorr    .         Harm     .   (no gloves)
MR       .....                  (no boots)
Stlth    +.........             (no amulet)
HPRegen  0.49/turn              (no ring)
MPRegen  0.11/turn              (no ring)

@: no status effects
A: fangs 2, regeneration 1, magic shield, antimagic bite, no potion heal 3, rot
immunity
a: no special abilities


You were on level 3 of the Dungeon.
You were not hungry.

You visited 1 branch of the dungeon, and saw 3 of its levels.

You collected 63 gold pieces.

Inventory:

Missiles
 a - 12 arrows
 e - 41 stones (quivered)
Armour
 b - a +0 robe
 f - a +0 buckler (worn)
 k - a cursed +0 ring mail (worn)
Scrolls
 j - 2 scrolls of identify {unknown}
 l - a scroll of enchant armour {unknown}
 m - a scroll of magic mapping {unknown}
Potions
 c - a potion of agility {unknown}
 h - a potion of degeneration {unknown}
 i - a potion of lignification {unknown}
Comestibles
 d - a ration
 g - 5 chunks of flesh


   Skills:
 * Level 2.9 Fighting
 + Level 0.6 Armour
 - Level 2.1 Dodging
 * Level 4.2 Unarmed Combat
 - Level 2.1 Spellcasting
 + Level 2.8 Transmutations


You had 5 spell levels left.
You knew the following spells:

 Your Spells              Type           Power        Failure   Level  Hunger
a - Beastly Appendage     Tmut           #.....       28%         1    ##.....
b - Sticks to Snakes      Tmut           #.......     41%         2    ###....

Your spell library contained the following spells:

 Spells                   Type           Power        Failure   Level  Hunger
 Animate Skeleton         Necr           N/A          67%         1    ##.....
 Apportation              Tloc           #.....       67%         1    ##.....
 Confusing Touch          Hex            #.....       67%         1    ##.....
 Corona                   Hex            #......      67%         1    ##.....
 Summon Small Mammal      Summ           #...         67%         1    ##.....
 Ensorcelled Hibernation  Hex/Ice        #.....       80%         2    ###....
 Spider Form              Tmut/Pois      #.........   83%         3    ####...
 Confuse                  Hex            #.......     95%         3    ####...
 Dazzling Spray           Conj/Hex       #.....       95%         3    ####...
 Tukima's Dance           Hex            #.......     95%         3    ####...
 Ice Form                 Ice/Tmut       #.......     99%         4    #####..
 Blade Hands              Tmut           #.........   100%        5    ######.


Dungeon Overview and Level Annotations

Branches:
Dungeon (3/15)

Altars:

Annotations:
D:3 Grinder


Innate Abilities, Weirdness & Mutations

You have extremely sharp teeth.
Your natural rate of healing is unusually fast.
When hurt, damage is shared between your health and your magic reserves.
Your bite disrupts and absorbs the magic of your enemies.
Potions cannot restore your health.
You are immune to rotting.


Message History

The orc priest calls down the wrath of Beogh upon you.
Beogh smites you!
* * * LOW HITPOINT WARNING * * *
You block the orc's attack.
You hit the orc priest but do no damage.
The orc priest hits you with a +0 club. The orc misses you.
You hit the orc priest but do no damage.
The orc priest hits you with a +0 club.
* * * LOW HITPOINT WARNING * * *
The orc hits you with a +0 hand axe.
* * * LOW HITPOINT WARNING * * *
You hit the orc priest but do no damage.
The orc priest barely misses you. The orc hits you with a +0 hand axe.
* * * LOW HITPOINT WARNING * * *
The orc priest hits you but does no damage.
The orc throws a tomahawk.
You block the tomahawk.
You see here a tomahawk.
The orc priest mumbles some strange prayers to Beogh against you.
Beogh smites you!
You die...

##### #.#
#...# #.#
#...# #.#
#...# #.#
#...#### #.#
###....# ##.#
#.##.#####
##o.#
#........#
#.o##
#.......@#
#.##
#........###.#
##.##.###o.(.#
#.##..#.o####
#..##....#
##.###...#
##.###.#.#
#....#.#.#
#....#รท#.#


You could see an orc priest and an orc.

Vanquished Creatures
  2 orc priests (D:3)
  Terence (D:2)
  6 adders (D:2)
  A worm (D:2)
  3 leopard geckos
  4 orcs
  6 bats
  A giant cockroach (D:1)
  A goblin (D:2)
  2 hobgoblins
  4 jackals (D:1)
  3 frilled lizards
  A kobold (D:3)
  9 rats
44 creatures vanquished.

Notes
Turn   | Place    | Note
-------+----------+-------------------------------------------
     0 | D:1      | zishaf the Vine Stalker Transmuter began the quest for the
                  | Orb.
     0 | D:1      | Reached XP level 1. HP: 9/9 MP: 4/4
    52 | D:1      | Reached skill level 1 in Fighting
   134 | D:1      | Reached XP level 2. HP: 4/14 MP: 3/6
  1048 | D:2      | Reached XP level 3. HP: 13/18 MP: 4/7
  1491 | D:2      | Gained mutation: Your natural rate of healing is unusually
                  | fast. [Vine Stalker growth]
  1491 | D:2      | Reached XP level 4. HP: 7/23 MP: 4/8
  1544 | D:2      | Learned a level 2 spell: Sticks to Snakes
  1739 | D:2      | Noticed Terence
  1764 | D:2      | Killed Terence
  1945 | D:3      | Noticed Grinder
  2030 | D:2      | Reached XP level 5. HP: 20/27 MP: 4/9
  2065 | D:2      | Reached skill level 4 in Unarmed Combat
  2332 | D:3      | Killed from afar by an orc priest

Vault maps used:
D:1:      elethiomel_arrival_shortcut
D:2:      kennysheep_generic_room_13, uniq_terence
D:3:      kennysheep_small_spiral, uniq_grinder

Skill      XL: |  1  2  3  4  5 |
---------------+----------------+-----
Fighting       | 1 2 |  2.9
Dodging        | 2 |  2.1
Unarmed Combat | 4 |  4.2
Armour         | |  0.6
Spellcasting   | |  2.1
Transmutations | |  2.8

Action                   |  1- 3 |  4- 6 || total
-------------------------+-------+-------++-------
Melee: Unarmed           |   110 |   122 ||   232
       Bite              |    25 |    36 ||    61
  Eat: Chunk             |     2 |     3 ||     5
Armor: Robe              |    34 |     4 ||    38
       Ring mail         |       |    21 ||    21
Dodge: Dodged            |    78 |    68 ||   146
Block: Buckler           |    12 |    14 ||    26

Table legend:
 A = Non-vault XP
 B = Vault XP
 C = Vault XP percentage of total XP
 D = Non-vault monster count
 E = Vault monster count
 F = Vault count percentage of total count
                 A         B        C        D         E       F
            +---------+---------+-------+---------+---------+-------
      Total |     216 |      45 |  17.2 |      42 |       2 |   4.5
            +---------+---------+-------+---------+---------+-------
        D:1 |      32 |       0 |   0.0 |      19 |       0 |   0.0
        D:2 |      92 |      45 |  32.8 |      17 |       2 |  10.5
        D:3 |      92 |       0 |   0.0 |       6 |       0 |   0.0
            +---------+---------+-------+---------+---------+-------
